AoeStats
← LyM.Chufri23

Arena

510385644Analyzed
2v2 RM · 21h ago on Sep 30, 2026· 41m 19s· 4 players
Game mode
Random Map
Map size
Medium (4 player)
Population
200
Speed
Normal
Resources
Standard
Victory
Conquest
Starting age
Dark Age
Ending age
Imperial Age
RankedLock teamsTeams togetherTeam positionsShared explorationLock speedFull tech treeHidden civsTurbo modeCheats
Victory
Defeat
🇩🇪 Byzantines · Germany
1159
+14
🇩🇪 Bulgarians · Germany
1026
+19
🇦🇷 Ethiopians · Argentina
1166
-19
🇦🇷 Magyars · Argentina
1053
-14
Samiotis
10:03 Feudal Age
14:22 Castle Age
13:24 Double-Bit Axe
13:29 Horse Collar
15:17 Bow Saw
21:33 Wheelbarrow
23:24 Stone Mining
23:27 Gold Mining
25:42 Hand Cart
29:38 Imperial Age
26:55 Loom
28:44 Scale Barding Armor
28:50 Forging
29:25 Husbandry
28:46 Light Cavalry
30:06 Chain Barding Armor
30:22 Iron Casting
29:59 Heavy Camel Rider
31:04 Conscription
32:42 Stone Shaft Mining
32:44 Gold Shaft Mining
33:23 Elite Cataphract
36:00 Plate Barding Armor
35:46 Murder Holes
36:52 Chemistry
36:21 Capped Ram
37:16 Fletching
37:27 Scale Mail Armor
37:20 Siege Ram
38:23 Bodkin Arrow
38:29 Padded Archer Armor
38:44 Chain Mail Armor
40:13 Elite Skirmisher
leon36
11:07 Feudal Age
15:19 Castle Age
13:58 Double-Bit Axe
14:59 Gold Mining
20:56 Forging
22:31 Scale Mail Armor
23:54 Arson
24:36 Squires
25:16 Iron Casting
24:56 Loom
25:53 Chain Mail Armor
30:48 Horse Collar
31:22 Bow Saw
32:45 Wheelbarrow
32:13 Town Watch
33:29 Heavy Plow
34:11 Hand Cart
38:33 Imperial Age
36:14 Stone Mining
37:01 Gold Shaft Mining
37:13 Bloodlines
37:03 Husbandry
37:11 Scale Barding Armor
38:21 Stone Shaft Mining
39:05 Chain Barding Armor
40:47 Plate Barding Armor
40:06 Cavalier
42:06 Blast Furnace
41:06 Fletching
41:50 Stirrups
LyM.Chufri23
10:40 Feudal Age
11:58 Loom
14:23 Castle Age
12:42 Double-Bit Axe
15:53 Bow Saw
15:59 Horse Collar
17:25 Heavy Plow
21:54 Wheelbarrow
22:30 Stone Mining
23:44 Hand Cart
24:30 Town Watch
28:32 Imperial Age
29:03 Fletching
29:13 Padded Archer Armor
30:40 Two-Man Saw
30:56 Chemistry
30:18 Ballistics
30:23 Thumb Ring
30:46 Crossbowman
32:36 Leather Archer Armor
33:09 Arbalester
34:42 Bodkin Arrow
37:12 Bracer
39:07 Ring Archer Armor
LyM.leantorras
11:21 Feudal Age
10:34 Loom
12:58 Double-Bit Axe
15:36 Castle Age
16:12 Horse Collar
19:17 Bow Saw
20:09 Heavy Plow
21:31 Wheelbarrow
23:46 Hand Cart
25:30 Bloodlines
25:22 Husbandry
26:27 Scale Barding Armor
28:27 Gold Mining
29:23 Chain Barding Armor
32:20 Imperial Age
32:22 Town Watch
32:28 Cavalier
33:46 Plate Barding Armor
34:02 Paladin
37:31 Pikeman
38:29 Halberdier
Connection lost

Rejoining the realm…

Still unreachable

The connection could not be restored.

Session expired

The server has moved on; the page needs a fresh start.